 Dungeon Crawl Stone Soup version 0.30-a0-1016-gfb0d676c02 (webtiles) character file.

Game seed: 17567456762104225103

40 cheesebisquit the Chopper (level 3, 32/33 HPs)
             Began as a Hill Orc Monk on Apr 6, 2023.
             Was a Believer of Beogh.
             Quit the game on level 3 of the Dungeon.
             The game lasted 00:07:04 (1395 turns).

cheesebisquit the Chopper (Hill Orc Monk)           Turns: 1395, Time: 00:07:04

Health: 32/33      AC:  8    Str: 15    XL:     3   Next: 50%
Magic:  3/3        EV:  7    Int: 10    God:    Beogh [**....]
Gold:   23         SH:  3    Dex: 13    Spells: 2/2 levels left

rFire   . . .      SeeInvis .    a - +0 hand axe
rCold   + . .      Faith    .    p - +0 buckler
rNeg    . . .      Spirit   .    o - +0 chain mail {rC+}
rPois   .          Reflect  .    (no helmet)
rElec   .          Rampage  .    (no cloak)
rCorr   .                        (no gloves)
Will    .....                    (no boots) Stlth
                                 (no amulet)
HPRegen 0.25/turn                j - ring of flight
MPRegen 0.08/turn                (no ring)

@: flying
A: no striking features
a: Renounce Religion, Smiting


You were on level 3 of the Dungeon.
You worshipped Beogh.
Beogh was pleased with you.
You visited 1 branch of the dungeon, and saw 3 of its levels.

You collected 49 gold pieces.
You spent 26 gold pieces at shops.

Inventory:

Hand Weapons
 a - a +0 hand axe (weapon)
 i - a +0 mace
Missiles
 l - 2 poisoned darts (quivered)
Armour
 o - a +0 chain mail of cold resistance (worn)
 p - a +0 buckler (worn)
Jewellery
 j - a ring of flight (left hand)
 s - a +4 ring of slaying
Scrolls
 b - a scroll of fog {unknown}
 d - a scroll of blinking {unknown}
 g - a scroll of enchant armour {unknown}
 h - a scroll of acquirement {unknown}
 q - a scroll of immolation {unknown}
Potions
 c - a potion of ambrosia
 e - a potion of curing
 f - a potion of lignification
 k - a potion of attraction {unknown}
 m - a potion of heal wounds {unknown}
 n - 2 potions of mutation
 r - 2 potions of might {unknown}


   Skills:
 + Level 4.1 Fighting
 * Level 4.7 Axes
 + Level 0.7 Armour
 - Level 2.6 Dodging
 - Level 2.0 Stealth
 + Level 0.0 Shields


You had 2 spell levels left.
You didn't know any spells.
Your spell library contained the following spells:

 Spells                   Type           Power      Damage    Failure   Level
 Necrotise                Necr           0%         1d4       100%        1
 Lesser Beckoning         Tloc           0%         N/A       100%        2
 Gell's Gravitas          Tloc           0%         N/A       100%        3
 Portal Projectile        Hex/Tloc       0%         N/A       100%        3
 Teleport Other           Tloc           0%         N/A       100%        3
 Tukima's Dance           Hex            0%         N/A       100%        3
 Vampiric Draining        Necr           0%         2d6       100%        3
 Agony                    Necr           0%         N/A       100%        5
 Blade Hands              Tmut           0%         N/A       100%        5


Dungeon Overview and Level Annotations

Branches:
Dungeon (3/15)

Altars:

Shops:
D:1 :   D:2 ?


Message History

An orc comes into view. It is wielding a +0 club.
There is an open door here.
You see here a +4 ring of slaying.
s - a +4 ring of slaying You closely miss the orc.
The orc hits you but does no damage.
You hit the orc.
The orc is heavily wounded.
You hit the orc. You block the orc's attack. The orc hits you with a +0 club.
You hit the orc.
You kill the orc!
Beogh accepts your kill.
You barely miss the orc. The orc hits you but does no damage.
You hit the orc.
The orc is heavily wounded.
You hit the orc. The orc hits you with a +0 short sword.
The orc closely misses you.
You hit the orc but do no damage.
The orc is heavily wounded.
You closely miss the orc. The orc hits you but does no damage.
The orc barely misses you.
You slash the orc!
You kill the orc!
Beogh accepts your kill.
You hit the orc. The orc barely misses you. The orc closely misses you.
Items here: )) [[.
You hit the orc but do no damage.
The orc is heavily wounded.
You block the orc's attack.
You hit the orc.
The orc is almost dead.
The orc hits you but does no damage.
You hit the orc but do no damage.
The orc is almost dead.
The orc barely misses you.
You hit the orc.
You kill the orc!
Beogh accepts your kill.
Okay, then.
Are you sure you want to abandon this character and quit the game? (Confirm with "yes".)

#...#######...#####
#.....# ##†## ##.##
#..>..# #.# #.#
####...## #.# #.#
#.....## ..# ##+#
#.##..# ..# ##...#
#.##..# ..##
##.....## #.#...#
.# #......)##
##.#..## #.
.......@.####.....#
.........'........#
.........####....##
#.......## ##.#.#
##.....## ###.#
##...# #.# ##+# #.#
#.# #######.#


There were no monsters in sight!

Vanquished Creatures
  3 orcs (D:3)
  5 ball pythons
  5 endoplasms
  A giant cockroach (D:1)
  4 goblins
  3 hobgoblins
  2 quokkas (D:1)
  2 bats
  A frilled lizard (D:2)
  A kobold (D:2)
  8 rats
35 creatures vanquished.

Vanquished Creatures (others)
  A hobgoblin (D:3)
1 creature vanquished.

Grand Total: 36 creatures vanquished

Notes
Turn   | Place    | Note
-------+----------+-------------------------------------------
     0 | D:1      | cheesebisquit the Hill Orc Monk began the quest for the
                  | Orb.
     0 | D:1      | Reached XP level 1. HP: 19/19 MP: 1/1
    81 | D:1      | Found Xicibir's Vocational Training.
   149 | D:1      | Reached XP level 2. HP: 27/27 MP: 2/2
   848 | D:2      | Reached XP level 3. HP: 33/33 MP: 3/3
   961 | D:2      | Found The Oracle's Delphic Readings.
   965 | D:2      | Bought a scroll of identify for 26 gold pieces
  1337 | D:3      | Became a worshipper of Beogh the Brigand
  1337 | D:3      | Reached * piety under Beogh
  1337 | D:3      | Reached ** piety under Beogh
  1395 | D:3      | Quit the game

Illustrated notes

Levels and vault maps discovered:
D:1:      dpeg_arrival_rooms_with_view, layout_basic, nicolae_shop_vocational
D:2:      layout_rooms, nicolae_nh_oracle_at_delphi
D:3:      layout_loops_corners, nicolae_overflow_hidden_temple,
          gammafunk_ghost_icy, portal_sewer_entry_f, minmay_misc_feat_pillars

Skill      XL: |  1  2 |
---------------+-------+-----
Stealth        | 2 |  2.0
Fighting       | 4 |  4.1
Axes           | |  4.7
Armour         | |  0.7
Dodging        | |  2.6

Action                     || total
---------------------------++-------
  Melee: Hand axe          ||   103
 Invoke: Convert to Beogh  ||     1
    Use: Scroll            ||     3
   Stab: Sleeping          ||     1
 Armour: Ring mail         ||    22
         Chain mail        ||    21
  Dodge: Dodged            ||    47
  Block: Buckler           ||     3

Table legend: (Time is in decaauts)
 A = Elapsed time spent in this place.
 B = Non-inter-level travel time spent in this place.
 C = Inter-level travel time spent in this place.
 D = Time resting spent in this place.
 E = Time spent auto-exploring this place.
 F = Levels seen in this place.
 G = Mean time per level.
                   A        B        C        D        E       F      G
               +--------+--------+--------+--------+--------+-----+--------+
         Total |   1402 |   1324 |     78 |      0 |    981 |   3 |  467.3 |
       Dungeon |   1402 |   1324 |     78 |      0 |    981 |   3 |  467.3 |
               +--------+--------+--------+--------+--------+-----+--------+

Top non-repeatable levels by time:
     D:1: 769 daAuts
     D:2: 522 daAuts
     D:3: 110 daAuts
